 Dungeon Crawl Stone Soup version 0.29-a0-80-g3050e97935 (webtiles) character file.

Game seed: 16639959737422707414

12 Grim the Grasshopper (level 2, -1/14 HPs)
             Began as a Spriggan Warper on Feb 4, 2022.
             Succumbed to a goblin's poison
             ... on level 2 of the Dungeon.
             The game lasted 00:01:37 (1133 turns).

Grim the Grasshopper (Spriggan Warper)              Turns: 1133, Time: 00:01:38

Health: -1/14      AC:  4    Str:  7    XL:     2   Next: 20%
Magic:  6/6        EV: 17    Int: 14    God:
Gold:   70         SH:  0    Dex: 14    Spells: 4/6 levels left

rFire   . . .      SeeInvis +   a - +0 short sword
rCold   + . .      Faith    .   (no shield)
rNeg    . . .      Spirit   .   k - +2 robe {rC+}
rPois   .          Reflect  .   (helmet restricted)
rElec   .          Harm     .   (no cloak)
rCorr   .          Rampage  .   (gloves unavailable)
Will    +....                   (boots unavailable)
Stlth   +.........              (no amulet)
HPRegen 0.04/turn               i - +4 ring of slaying
MPRegen 0.10/turn               (no ring)

@: lethally poisoned (-1 -> -3), on berserk cooldown, slowed, quick
A: very small, no large weapons, unfitting armour, see invisible, speed 3,
strong-willed 1, subdued magic 2
a: no special abilities


You were on level 2 of the Dungeon.
You visited 1 branch of the dungeon, and saw 2 of its levels.

You collected 144 gold pieces.
You spent 74 gold pieces at shops.

Inventory:

Hand Weapons
 a - a +0 short sword (weapon)
Missiles
 d - 5 boomerangs of dispersal (quivered)
Armour
 k - a +2 robe of cold resistance (worn)
Jewellery
 i - a +4 ring of slaying (left hand)
Scrolls
 c - 2 scrolls of blinking
 e - a scroll of identify {unknown}
 f - a scroll of acquirement {unknown}
 g - a scroll of amnesia {unknown}
 h - a scroll of magic mapping {unknown}


   Skills:
 - Level 1.5 Fighting
 * Level 3.0 Short Blades
 - Level 1.0 Throwing
 - Level 3.2 Dodging
 - Level 2.6 Spellcasting
 + Level 4.7 Translocations


You had 4 spell levels left.
You knew the following spells:

 Your Spells              Type           Power      Damage    Failure   Level
a - Blink                 Tloc           18%        N/A       2%          2

Your spell library contained the following spells:

 Spells                   Type           Power      Damage    Failure   Level
 Gell's Gravitas          Tloc           9%         N/A       6%          3
 Lesser Beckoning         Tloc           9%         N/A       6%          3
 Teleport Other           Tloc           9%         N/A       6%          3
 Manifold Assault         Tloc           9%         N/A       56%         5


Dungeon Overview and Level Annotations

Branches:
Dungeon (2/15)

Altars:

Shops:
D:1 [


Innate Abilities, Weirdness & Mutations

You are very small and have problems with some larger weapons.
You are too small for most types of armour.
You have supernaturally acute eyesight. (SInv)
You cover ground extremely quickly. (Speed+++)
You are strong-willed. (Will+)
Your spells are easier to cast, but less powerful.


Message History

You are lethally poisoned!
You hit the goblin.
You kill the goblin!
You feel very sick.
Your Short Blades skill increases to level 3!
No target in view!
There is a lethal amount of poison in your body!
There is a lethal amount of poison in your body!
It was a potion of berserk rage.
A red film seems to cover your vision as you go berserk!
You feel yourself moving faster!
You feel mighty!
* * * LOW HITPOINT WARNING * * *
You feel very sick.
You are too berserk!
Unknown command.
You start resting.
You feel a strong urge to attack something.
You feel sick.
You start resting.
* * * LOW HITPOINT WARNING * * *
You feel sick.
You start resting.
You feel your anger nearly subside.
You are no longer berserk.
You are exhausted.
You feel yourself slow down.
* * * LOW HITPOINT WARNING * * *
You feel sick.
There is a lethal amount of poison in your body!
It was a potion of mutation.
You feel extremely strange.
You feel strong-willed.
Your connection to magic feels subdued.
Your connection to magic feels more subdued.
* * * LOW HITPOINT WARNING * * *
You feel sick.
Unknown command.
You aren't carrying any potions.
Okay, then.
Okay, then.
* * * LOW HITPOINT WARNING * * *
You feel sick.
You die...

#. ##. ..# ..##.....
.(. #.##.##.# #.#
#.##.##.# #.# #
#.##.##.# #.#
#.##.##.##.#####.###
####.#......#(........#
#....).#.....######.#.#
#@.....## #.#.#
##.##.########.#.#
#................
####..........#..
#####.######.. #
######.. ........
#####... #...


There were no monsters in sight!

Vanquished Creatures
  A bat (D:1)
  An endoplasm (D:1)
  2 goblins
  A hobgoblin (D:1)
  A kobold (D:1)
  4 ball pythons (D:1)
  A frilled lizard (D:1)
11 creatures vanquished.

Notes
Turn   | Place    | Note
-------+----------+-------------------------------------------
     0 | D:1      | Grim the Spriggan Warper began the quest for the Orb.
     0 | D:1      | Reached XP level 1. HP: 10/10 MP: 5/5
   418 | D:1      | Reached XP level 2. HP: 13/14 MP: 6/6
   592 | D:1      | Found a faded altar of an unknown god.
   598 | D:1      | Found Silaexou's Antique Armour Emporium.
   628 | D:1      | Bought a runed robe for 74 gold pieces
  1068 | D:2      | Learned a level 2 spell: Blink
  1131 | D:2      | Gained mutation: You are strong-willed. (Will+) [potion of
                  | mutation]
  1131 | D:2      | Gained mutation: Your spells are a little easier to cast,
                  | but a little less powerful. [potion of mutation]
  1131 | D:2      | Gained mutation: Your spells are easier to cast, but less
                  | powerful. [potion of mutation]
  1133 | D:2      | Succumbed to a goblin's poison

Illustrated notes

Levels and vault maps discovered:
D:1:      nicolae_arrival_somewhat_less_tricky_arrival, layout_loops_ring,
          serial_shops, shop_coins, hellmonk_ecumenical_altar_run_dry
D:2:      layout_loops_ring, uniq_natasha

Skill      XL: |  1  2 |
---------------+-------+-----
Short Blades   | 3 |  3.0
Fighting       | |  1.5
Throwing       | |  1.0
Dodging        | |  3.2
Spellcasting   | |  2.6
Translocations | |  4.7

Action                   || total
-------------------------++-------
Melee: Short sword       ||    41
  Use: Potion            ||     2
Armor: Robe              ||     9
Dodge: Dodged            ||    39

Table legend: (Time is in decaauts)
 A = Elapsed time spent in this place.
 B = Non-inter-level travel time spent in this place.
 C = Inter-level travel time spent in this place.
 D = Time resting spent in this place.
 E = Time spent auto-exploring this place.
 F = Levels seen in this place.
 G = Mean time per level.
                   A        B        C        D        E       F      G
               +--------+--------+--------+--------+--------+-----+--------+
         Total |    829 |    807 |     22 |    222 |    474 |   2 |  414.5 |
       Dungeon |    829 |    807 |     22 |    222 |    474 |   2 |  414.5 |
               +--------+--------+--------+--------+--------+-----+--------+

Top non-repeatable levels by time:
     D:1: 782 daAuts
     D:2: 47 daAuts
